 Dungeon Sprint DCSS version 0.31-a0-851-g7ff8af7976 (webtiles) character file.

Game seed: 10382835113229182452

25 AiryTheDragon the Changeling (level 2, -5/34 HPs)
             Began as a Draconian Shapeshifter on Oct 8, 2023.
             Slain by an ogre
             ... wielding a +0 giant club
              (32 damage)
             ... in the Dungeon (Sprint I: "Red Sonja").
             The game lasted 00:00:40 (14 turns).

AiryTheDragon the Changeling (Draconian Shapeshifter) Turns: 14, Time: 00:00:41

Health: -5/34      AC:  4    Str: 16    XL:     2   Next: 82%
Magic:  2/2        EV: 12    Int: 10    God:
Gold:   0          SH:  0    Dex: 10    Spells: 1/1 levels left

rFire   . .          .
                       - Unarmed
rCold   . . .        (no shield)
rNeg    . . .        (body armour unavailable)
rPois   .            (helmet currently unavailable)
rElec   .            (cloak currently unavailable)
rCorr   .            (gloves currently unavailable)
SInv    .            (boots currently unavailable)
Will    .....        (no amulet) Stlth
                     (no ring)
HPRegen 0.25/turn    (no ring)
MPRegen 0.08/turn

%: no teleportation
@: berserking (expiring), beast-form, very quick
A: beast (slay +2), AC +4, unfitting armour, cold-blooded
a: Begin Untransformation


You were in the Dungeon.
You were a hulking beast.
You visited 1 branch

Inventory:

Talismans
 b - a beast talisman (active)
 c - a flux talisman
Wands
 h - a wand of flame (13)
Scrolls
 i - a scroll of blinking
Potions
 a - a potion of lignification
 d - a potion of curing
 e - a potion of heal wounds
 f - a potion of haste
 g - 2 potions of magic


   Skills:
 + Level 1.1 Fighting
 + Level 2.4 Dodging
 + Level 0.3 Stealth
 + Level 4.5 Unarmed Combat
 + Level 4.7 Shapeshifting


You had one spell level left.
You didn't know any spells.
Your spell library was empty.

Dungeon Overview and Level Annotations

Branches:
Dungeon (1/1)

Altars:


Innate Abilities, Weirdness & Mutations

You are a hulking beast.
Your limbs bulge with bestial killing power. (Slay +2)
Your plain brown scales are hard. (AC +4)
You cannot fit into any form of body armour.
You are cold-blooded and may be slowed by cold attacks.


Message History

Welcome, AiryTheDragon the Draconian Shapeshifter. [Dungeon Sprint] Press ? for a list of commands and other information.
Found a staircase leading out of the dungeon.
You open the door.
Ijyb the Twisted Goblin comes into view.
She is wielding a +0 dagger and carrying a wand of flame.
There is an open door here.
The helpless Ijyb fails to defend herself.
You hit Ijyb but do no damage.
A red film seems to cover your vision as you go berserk!
You feel yourself moving faster!
You feel mighty!
Ijyb zaps a wand.
The puff of flame hits you.
You punch Ijyb!
Ijyb is moderately wounded.
Ijyb closely misses you.
You punch Ijyb!
Your tail-slap misses Ijyb.
Ijyb is severely wounded.
Ijyb hits you but does no damage.
You completely miss Ijyb.
Ijyb is severely wounded.
You punch Ijyb!
You kill Ijyb!
Your Dodging skill increases to level 2!
Your Unarmed Combat skill increases to level 4!
Your Shapeshifting skill increases to level 4!
You have reached level 2!
h - a wand of flame (13)
Things that are here:
a +0 dagger; a +0 leather armour; the goblin corpse of Ijyb The door flies open with a bang!
You feel a strong urge to attack something.
An ogre comes into view. It is wielding a +0 giant club.
The ogre shouts!
There is an open door here.
You barely miss the ogre. You tail-slap the ogre.
The ogre is lightly wounded.
The ogre hits you with a +0 giant club!!
Ouch! That really hurt!
You die...

##########
#<.#.)hO.#
#..'..#..+
#..#####+#
#..# #..#
#..# #⌠⌠#
####


You could see an ogre.

Vanquished Creatures
  Ijyb (D)
1 creature vanquished.

Notes
Turn   | Place    | Note
-------+----------+-------------------------------------------
     0 | D        | AiryTheDragon the Draconian Shapeshifter began the quest
                  | for the Orb.
     0 | D        | Reached XP level 1. HP: 16/16 MP: 1/1
     2 | D        | Noticed Ijyb
     9 | D        | Killed Ijyb
    10 | D        | Reached XP level 2. HP: 23/23 MP: 2/2
    12 | D        | Noticed an ogre
    14 | D        | Slain by an ogre

Illustrated notes

Levels and vault maps discovered:
D:        dungeon_sprint_1 [red_sonja_temple_1, red_sonja_temple_small_1]

Skill      XL: |  1 |
---------------+----+-----
Dodging        | 2 |  2.4
Unarmed Combat | 4 |  4.5
Shapeshifting  | 4 |  4.7
Fighting       | |  1.1
Stealth        | |  0.3

Action                     || total
---------------------------++-------
  Melee: Unarmed           ||     6
         Tailslap          ||     1
    Use: Potion            ||     1
   Stab: Sleeping          ||     1
 Armour: Skin              ||     3
  Dodge: Dodged            ||     1

Table legend: (Time is in decaauts)
 A = Elapsed time spent in this place.
 B = Non-inter-level travel time spent in this place.
 C = Inter-level travel time spent in this place.
 D = Time resting spent in this place.
 E = Time spent auto-exploring this place.
 F = Levels seen in this place.
 G = Mean time per level.
                   A        B        C        D        E       F      G
               +--------+--------+--------+--------+--------+-----+--------+
         Total |     10 |     10 |      0 |      0 |      0 |   1 |   10.0 |
       Dungeon |     10 |     10 |      0 |      0 |      0 |   1 |   10.0 |
               +--------+--------+--------+--------+--------+-----+--------+

Top non-repeatable levels by time:
       D: 10 daAuts
